Map: Deathaura LE

Players

DieCesar - Winner!

  • Race: Protoss Protoss
  • League: Diamond
  • Spawn Location: 5:00

A.I. 1 (Very Easy)

  • Race: Terran Terran
  • Spawn Location: 11:00

VOD

Have the link to the VOD?

Description

Time

  • Played on: Aug. 7, 2020, 12:30 p.m.
  • Length: 9:35
Show
View Real Time Build Order
Export as new Build Order

DieCesar Protoss - Winner!

Build Orders: 1 Gate Expand, Blink Stalkers, Colossus Rush 

Get SALT Encoding   

  12  0:00  Probe  
  13  0:12  Probe  
  14  0:17  Pylon  
  14  0:24  Probe  
  15  0:35  Gateway  
  15  0:38  Probe (Chrono Boost)  
  15  0:42  Assimilator  
  16  0:48  Probe (Chrono Boost)  
  17  0:53  Probe (Chrono Boost)  
  18  1:05  Probe  
  19  1:17  Probe  
  20  1:25  Cybernetics Core  
  20  1:35  Nexus  
  20  1:39  Pylon  
  20  1:42  Probe  
  21  1:47  Assimilator  
  22  1:54  Probe  
  22  1:59  Adept (Chrono Boost)  
  22  2:03  Warp Gate  
  22  2:06  Probe  
  25  2:18  Probe  
  25  2:21  Stalker  
  28  2:30  Probe  
  28  2:31  Twilight Council  
  29  2:45  Probe  
  29  2:48  Probe  
  31  2:58  Probe  
  32  3:00  Probe  
  32  3:02  Blink (Chrono Boost)  
  33  3:10  Probe  
  33  3:12  Probe  
  35  3:15  Robotics Facility  
  35  3:18  Gateway  
  35  3:21  Gateway  
  35  3:22  Probe  
  35  3:24  Probe  
  37  3:28  Pylon  
  37  3:31  Assimilator  
  37  3:34  Assimilator  
  37  3:35  Probe  
  37  3:37  Probe  
  39  3:47  Probe, Pylon  
  40  3:49  Probe  
  40  3:52  Stalker  
  43  3:59  Probe  
  43  4:02  Observer (Chrono Boost), Probe  
  46  4:11  Probe  
  46  4:14  Probe  
  46  4:16  Observer (Chrono Boost)  
  48  4:23  Probe  
  50  4:26  Probe  
  50  4:29  Pylon  
  50  4:31  Robotics Bay  
  51  4:33  Forge  
  51  4:35  Probe  
  51  4:38  Probe  
  53  4:40  Observer  
  54  4:51  Nexus  
  54  4:52  Pylon  
  54  4:53  Probe x2  
  54  4:54  Stalker  
  54  4:55  Stalker  
  54  4:57  Stalker  
  62  5:02  Protoss Ground Weapons Level 1 (Chrono Boost)  
  62  5:10  Probe x2  
  62  5:14  Pylon  
  64  5:20  Colossus (Chrono Boost)  
  64  5:23  Pylon  
  64  5:25  Extended Thermal Lance  
  64  5:27  Charge  
  70  5:32  Probe x2  
  72  5:43  Gateway  
  72  5:44  Probe x2  
  72  5:45  Gateway  
  74  5:50  Pylon  
  74  5:56  Probe  
  74  5:57  Probe  
  76  6:01  Colossus (Chrono Boost)  
  76  6:03  Probe  
  83  6:08  Probe  
  83  6:09  Probe  
  85  6:14  Sentry x3, Pylon  
  85  6:15  Probe  
  92  6:18  Gateway  
  92  6:20  Gateway  
  92  6:24  Gateway  
  92  6:32  Probe  
  93  6:35  Probe x2  
  95  6:40  Colossus (Chrono Boost)  
  95  6:44  Probe  
  95  6:46  Stalker x3  
  108  6:47  Zealot x2  
  112  6:56  Pylon  
  112  6:57  Probe x3  
  112  7:00  Assimilator  
  115  7:03  Pylon  
  115  7:05  Assimilator  
  115  7:12  Stalker x2  
  115  7:15  Stalker  
  121  7:16  Stalker  
  121  7:21  Warp Prism  
  123  7:28  Stalker  
  123  7:29  Stalker x3  
  133  7:36  Pylon x2  
  133  7:37  Stalker x2  
  133  7:39  Sentry  
  133  7:41  Stalker  
  141  7:57  Stalker x2  
  141  7:58  Zealot x2  
  149  8:05  Stalker x3  
  149  8:06  Zealot  
  157  8:14  Pylon  
  157  8:16  Pylon  
  157  8:17  Pylon  
  157  8:39  Stalker x6  
  157  8:40  Stalker x2  
  173  8:47  Pylon  
  173  8:48  Pylon  
  173  8:49  Pylon  
  173  9:03  Stalker  
  173  9:04  Stalker  
  173  9:05  Stalker x5  
  187  9:14  Stalker  
  189  9:27  Stalker x4  
  189  9:28  Stalker  
Show
View Real Time Build Order
Export as new Build Order

A.I. 1 (Very Easy) Terran 

Build Orders:  

Get SALT Encoding   

  12  0:00  SCV  
  13  0:13  SCV  
  14  0:19  Supply Depot  
  14  0:37  Refinery  
  14  0:46  Barracks  
  14  1:02  Supply Depot  
  14  1:12  Refinery  
  14  1:29  SCV  
  15  1:33  Marine  
  16  1:41  SCV  
  17  1:54  SCV  
  18  2:03  Marine  
  18  2:06  SCV  
  20  2:18  SCV  
  21  2:30  SCV  
  21  2:33  Marine  
  23  2:42  Orbital Command  
  23  5:38  Marine, SCV  
  23  5:41  Supply Depot  
  25  5:43  Factory  
  25  6:02  SCV  
  26  6:05  Supply Depot  
  26  6:11  Barracks Tech Lab  
  26  6:14  SCV  
  24  6:26  SCV  
  24  6:27  Starport  
  24  6:29  Marine  
  26  6:47  Command Center  
  26  7:01  Marine  
  26  7:06  Starport Tech Lab  
  27  7:25  Raven  
  29  7:34  Marauder  
  31  8:00  SCV  
  32  8:05  Marine  
  32  8:06  Refinery  
  32  8:07  SCV  
  32  8:08  Raven  
  32  8:10  Refinery  
  36  8:14  SCV  
  37  8:21  SCV  
  38  8:28  SCV  
  37  8:36  SCV  
  37  8:37  Marine  
  33  8:43  SCV  
  21  8:58  SCV  
  21  9:10  SCV  
Tags
 
Composition
Blink Stalkers
League
Diamond
Matchup
PvT
Spawn Locations
Cross Positions
Add a new tag
Caveats
  • Supply blocks, unpowered buildings, or Contaminate may cause inaccurate times.
  • Supply counts are checked every 10 seconds.